 Dungeon Crawl Stone Soup version 0.30.0-29-ga12c61a403 (webtiles) character file.

Game seed: 8852254765417739434

23 Graphine the Sneak (level 2, 0/19 HPs)
             Began as an Octopode Brigand on June 22, 2023.
             Shot with a sling bullet by a goblin (7 damage)
             ... on level 2 of the Dungeon.
             The game lasted 00:02:10 (1058 turns).

Graphine the Sneak (Octopode Brigand)               Turns: 1058, Time: 00:02:11

Health: 0/19       AC:  1    Str: 10    XL:     2   Next: 95%
Magic:  2/2        EV: 13    Int: 13    God:
Gold:   53         SH:  0    Dex: 13    Spells: 1/1 levels left

rFire   . . .        j - +1 dagger (venom)
rCold   + . .        (no shield)
rNeg    . . .        (helmet restricted)
rPois   .            (no amulet)
rElec   .            d - ring of protection from cold
rCorr   .            (no ring)
SInv    .            (no ring)
Will    .....        (no ring)
Stlth   ++++         (no ring)
HPRegen 0.23/turn    (no ring)
MPRegen 0.08/turn    (no ring)
                     (no ring)

%: no passive effects
@: studying Dodging
A: almost no armour, amphibious, 8 rings, camouflage 1, gelatinous body 1,
(nimble swimmer 1), tentacles
a: no special abilities


You were on level 2 of the Dungeon.
You visited 1 branch of the dungeon, and saw 2 of its levels.

You collected 53 gold pieces.

Inventory:

Hand Weapons
 a - a +2 dagger
 j - a +1 dagger of venom (weapon)
Missiles
 b - 8 poisoned darts (quivered)
 c - 3 curare-tipped darts
Magical Staves
 h - a staff of death
Jewellery
 d - a ring of protection from cold (left tentacle)
Scrolls
 f - 3 scrolls of fear
 i - a scroll of teleportation
 n - a scroll of immolation {unknown}
Potions
 e - a potion of might {unknown}
 g - a potion of haste {unknown}
 k - a potion of cancellation {unknown}
 l - 2 potions of curing {unknown}
 m - 2 potions of degeneration {unknown}


   Skills:
 + Level 2.2 Fighting
 + Level 2.3 Short Blades
 - Level 2.0 Throwing
 * Level 1.6 Dodging
 * Level 5.8 Stealth


You had one spell level left.
You didn't know any spells.
Your spell library contained the following spells:

 Spells                   Type           Power      Damage    Failure   Level
 Poisonous Vapours        Pois/Air       0%         N/A       43%         2
 Inner Flame              Hex/Fire       0%         N/A       67%         3
 Mephitic Cloud           Conj/Pois/Air  0%         N/A       67%         3
 Freezing Cloud           Conj/Ice/Air   0%         6-21      100%        5
 Yara's Violent Unravell  Hex/Tmut       0%         3d3       100%        5
 Enfeeble                 Hex            0%         N/A       100%        7


Dungeon Overview and Level Annotations

Branches:
Dungeon (2/15)

Altars:


Innate Abilities, Weirdness & Mutations

You cannot wear most types of armour.
You are amphibious.
You can wear up to eight rings at the same time.
Your skin changes colour to match your surroundings (Stealth+).
Your rubbery body absorbs attacks. (AC +1, EV +1)
((You are camouflaged when in or above water. (Stealth+)))
You have tentacles for arms and can constrict up to eight enemies at once.


Message History

You throw a poisoned dart.
The poisoned dart barely misses the kobold.
You hit the kobold.
The kobold is poisoned.
You grab the kobold.
The kobold is moderately wounded.
You constrict the kobold, but do no damage.
You hit the kobold.
You kill the kobold!
You now have 53 gold pieces (gained 13).
b - 8 poisoned darts (gained 2)
n - a scroll labelled VOYS KICSUR You see here a +0 short sword.
A giant cockroach comes into view.
The giant cockroach moves out of view.
A goblin comes into view. It is wielding a +0 dagger.
Found 12 gold pieces.
A goblin comes into view. It is wielding a +0 club.
The goblin shouts!
You hear a shout!
A goblin comes into view. It is wielding a +0 dagger.
The goblin shouts! x2
You hit the goblin. Your grab misses the goblin.
The goblin is heavily wounded.
You hear an angry hiss.
The goblin hits you with a +0 dagger.
The goblin unwields a +0 dagger.
The goblin wields a +0 sling.
The goblin shoots a sling bullet.
The sling bullet hits you.
The giant cockroach waves its antennae.
The giant cockroach barely misses you.
You hit the goblin.
You kill the goblin!
The giant cockroach closely misses you.
The goblin shoots a sling bullet.
The sling bullet barely misses you.
You hit the giant cockroach but do no damage.
The giant cockroach is poisoned.
You grab the giant cockroach. You squeeze the giant cockroach.
You kill the giant cockroach!
The goblin shoots a sling bullet.
The sling bullet barely misses you.
You completely miss the goblin. You grab the goblin. You constrict the goblin.
The goblin hits you with a +0 club.
The goblin shoots a sling bullet.
The sling bullet hits you!
You die...

######## .g....##
##....$##
###.......###
#...........#
..#...)...#.#
......†@..#.#
..#....g....#
#.##.##.#.###########
# #. #.#...........##
#. ..#.#########.#.
..####.# #.#. #. #.#
#.#. #. #.# #.#. #.#
#...


You could see 2 goblins.

Vanquished Creatures
  A ball python (D:1)
  2 endoplasms (D:1)
  3 giant cockroaches
  2 goblins
  4 hobgoblins
  A quokka (D:1)
  A bat (D:1)
  4 kobolds
  A rat (D:1)
19 creatures vanquished.

Notes
Turn   | Place    | Note
-------+----------+-------------------------------------------
     0 | D:1      | Graphine the Octopode Brigand began the quest for the Orb.
     0 | D:1      | Reached XP level 1. HP: 14/14 MP: 1/1
   203 | D:1      | Reached XP level 2. HP: 19/19 MP: 2/2
   805 | D:1      | Identified a scroll of acquirement
   805 | D:1      | Acquired a manual of Dodging
  1058 | D:2      | Shot with a sling bullet by a goblin

Illustrated notes

Levels and vault maps discovered:
D:1:      nicolae_arrival_somewhat_less_tricky_arrival, layout_basic
D:2:      minmay_wonky_spiral, layout_loops_ring

Action                     || total
---------------------------++-------
  Melee: Dagger            ||    35
         Constrict         ||     9
         Tentacles         ||     3
  Throw: Dart              ||    11
    Use: Scroll            ||     3
   Stab: Sleeping          ||     4
  Dodge: Dodged            ||    12
